 Dungeon Crawl Stone Soup version 0.30-a0-847-g17996783a1 (webtiles) character file.

Game seed: 15870538100874603791

17 holysushi the Cutter (level 2, 17/24 HPs)
             Began as a Demonspawn Monk on Mar 3, 2023.
             Was a Follower of Ru.
             Quit the game on level 1 of the Dungeon.
             The game lasted 00:00:57 (395 turns).

holysushi the Cutter (Demonspawn Monk)               Turns: 395, Time: 00:00:57

Health: 17/24      AC:  2    Str: 11    XL:     2   Next: 44%
Magic:  2/2        EV: 12    Int: 11    God:    Ru [*.....]
Gold:   37         SH:  0    Dex: 15    Spells: 1/1 levels left

rFire   . . .      SeeInvis .    a - +0 short sword
rCold   . . .      Faith    .    (no shield)
rNeg    . . .      Spirit   .    b - +0 robe
rPois   .          Reflect  .    (no helmet)
rElec   .          Rampage  .    (no cloak)
rCorr   .                        (no gloves)
Will    .....                    (no boots)
Stlth   ++                       (no amulet)
HPRegen 0.24/turn                (no ring)
MPRegen 0.16/turn                (no ring)

@: no status effects
A: magic regeneration, inability to train armour
a: Renounce Religion


You were on level 1 of the Dungeon.
You worshipped Ru.
Ru was aware of your devotion.
You visited 1 branch of the dungeon, and saw 1 of its levels.

You collected 37 gold pieces.

Inventory:

Hand Weapons
 a - a +0 short sword (weapon)
Armour
 b - a +0 robe (worn)
Scrolls
 d - a scroll of poison {unknown}
 e - a scroll of teleportation {unknown}
 g - a scroll of amnesia {unknown}
Potions
 c - a potion of ambrosia
 f - a potion of curing {unknown}
 h - a potion of lignification {unknown}
 i - a potion of haste {unknown}


   Skills:
 - Level 3.0 Fighting
 + Level 3.5 Short Blades
 - Level 2.6 Dodging
 - Level 1.7 Stealth


You had one spell level left.
You didn't know any spells.
Your spell library was empty.

Dungeon Overview and Level Annotations

Branches:
Dungeon (1/15) Zot: 5615

Altars:
Ru


Innate Abilities, Weirdness & Mutations

You regenerate magic rapidly.
You cannot train Armour skill.


Message History

The bat attacks as you move away! The bat hits you.
The endoplasm attacks as you move away! The endoplasm hits you.
The bat closely misses you.
A jackal comes into view.
There is a stone staircase leading down here.
You miss the bat. The bat completely misses you. The bat barely misses you.
You closely miss the bat. The bat closely misses you.
The bat barely misses you. The bat closely misses you.
The bat hits you but does no damage. x2
The bat misses you.
You hit the bat.
You kill the bat!
The bat barely misses you.
You miss the bat.
The bat is moderately wounded.
The bat misses you.
You closely miss the bat.
The bat is moderately wounded.
The bat hits you. The bat misses you.
You closely miss the bat.
The bat is moderately wounded.
The bat barely misses you.
You hit the bat.
You kill the bat!
The bat hits you but does no damage.
You hit the bat.
The bat is severely wounded.
The bat misses you.
You hit the bat but do no damage.
The bat is severely wounded.
The bat closely misses you. The bat barely misses you.
You closely miss the bat.
The bat is severely wounded.
The bat hits you. The bat closely misses you.
You hit the bat.
You kill the bat!
The jackal barely misses you.
Okay, then.
Unknown command.
Are you sure you want to abandon this character and quit the game? (Confirm with "yes".)

..( ##............
..# .........h... #.#
#.##..$........ #.#
#......h......!
#.##### #..hh.......
#####.....######g#
...†...........gJ#
######.##.######h#
#...##....# #@#
#.#†##.#### #.#
..#....# #######.####
.#..................#
.#..................#
.#..................#
.#######............#
.# ............# ##
............#


You could see an endoplasm, 4 jackals, a hobgoblin and a goblin.

Vanquished Creatures
  A dart slug (D:1)
  5 bats (D:1)
  A giant cockroach (D:1)
  3 hobgoblins (D:1)
  2 quokkas (D:1)
  A ball python (D:1)
  A goblin (D:1)
  A rat (D:1)
15 creatures vanquished.

Notes
Turn   | Place    | Note
-------+----------+-------------------------------------------
     0 | D:1      | holysushi the Demonspawn Monk began the quest for the Orb.
     0 | D:1      | Reached XP level 1. HP: 18/18 MP: 1/1
    88 | D:1      | Found a faded altar of an unknown god.
   106 | D:1      | Prayed at the altar of an unknown god.
   106 | D:1      | Became a worshipper of Ru the Awakened
   108 | D:1      | Gained mutation: You cannot train Armour skill. [Ru
                  | sacrifice]
   108 | D:1      | Reached * piety under Ru
   276 | D:1      | Gained mutation: You regenerate magic rapidly. [demonic
                  | ancestry]
   276 | D:1      | Reached XP level 2. HP: 18/24 MP: 2/2
   395 | D:1      | Quit the game

Illustrated notes

Levels and vault maps discovered:
D:1:      lightli_arrival_noodles, layout_basic, ebering_ecumenical_altar_box

Skill      XL: |  1 |
---------------+----+-----
Short Blades   | 3 |  3.5
Fighting       | |  3.0
Dodging        | |  2.6
Stealth        | |  1.7

Action                     || total
---------------------------++-------
  Melee: Short sword       ||    68
 Invoke: Sacrifice Durabil ||     1
   Stab: Sleeping          ||     1
 Armour: Robe              ||    19
  Dodge: Dodged            ||    59

Table legend: (Time is in decaauts)
 A = Elapsed time spent in this place.
 B = Non-inter-level travel time spent in this place.
 C = Inter-level travel time spent in this place.
 D = Time resting spent in this place.
 E = Time spent auto-exploring this place.
 F = Levels seen in this place.
 G = Mean time per level.
                   A        B        C        D        E       F      G
               +--------+--------+--------+--------+--------+-----+--------+
         Total |    384 |    384 |      0 |     78 |    180 |   1 |  384.0 |
       Dungeon |    384 |    384 |      0 |     78 |    180 |   1 |  384.0 |
               +--------+--------+--------+--------+--------+-----+--------+

Top non-repeatable levels by time:
     D:1: 384 daAuts
